 Dungeon Sprint DCSS version 0.21-a0-297-ga3d34c2 (webtiles) character file.

8073 potatolord6000 the Destroyer (level 11, -2/90 HPs)
             Began as a Gnoll Conjurer on Sept 28, 2017.
             Was a High Priest of Sif Muna.
             Killed by divine providence
             ... invoked by an orc high priest
              (9 damage)
             ... in the Dungeon (Sprint VII: "The Pits").
             The game lasted 00:23:04 (2711 turns).

potatolord6000 the Destroyer (Gnoll Conjurer)       Turns: 2711, Time: 00:23:04

Health: -2/90      AC: 15    Str: 13    XL:     11   Next: 25%
Magic:  6/25       EV: 20    Int: 22    God:    Sif Muna [*****.]
Gold:   0          SH:  0    Dex: 15    Spells: 3/31 levels left

rFire    . . .     SeeInvis .   p - staff of energy (curse)
rCold    . . .     Gourm    .   (no shield)
rNeg     . . .     Faith    .   s - +5 ring mail
rPois    .         Spirit   .   t - +0 helmet
rElec    .         Reflect  .   u - +0 cloak
rCorr    .         Harm     .   (no gloves)
MR       .....     NoTele   +   (no boots)
Stlth    ++++......             (no amulet)
HPRegen  0.25/turn              i - +3 ring of strength
MPRegen  0.19/turn              j - +3 ring of evasion

@: slowed, very slow
A: distributed training, fangs 1, strong nose
a: Divine Energy, Channel Magic, Forget Spell, Renounce Religion


You were in the Dungeon.
You worshipped Sif Muna.
Sif Muna was extremely pleased with you.
You were not hungry.

You visited 1 branch

Inventory:

Armour
 s - a +5 ring mail (worn)
 t - a +0 helmet (worn)
 u - a +0 cloak (worn)
Magical Staves
 p - a cursed staff of energy (weapon)
Jewellery
 i - a +3 ring of strength (left hand)
 j - a +3 ring of evasion (right hand)
Scrolls
 a - 2 scrolls of blinking
 k - 3 scrolls of remove curse
 l - 5 scrolls of amnesia
Potions
 d - 4 potions of curing
 h - 5 potions of berserk rage
 q - a potion of might
Books
 b - a book of Conjurations

   Spells                             Type                      Level
   a - Magic Dart                     Conjuration                  1
   b - Searing Ray                    Conjuration                  2
   c - Dazzling Spray                 Conjuration/Hexes            3
   d - Fulminant Prism                Conjuration/Hexes            4
   e - Force Lance                    Conjuration/Translocation    4
   f - Iskenderun's Mystic Blast      Conjuration                  4
 e - Zunnoub's Compendium of Creative Transformation
   (Sif Muna gifted it to you in the Dungeon)

   Spells                             Type                      Level
   a - Recall                         Summoning/Translocation      3
   b - Summon Demon                   Summoning                    5
   c - Malign Gateway                 Summoning/Translocation      7
   d - Dragon Form                    Transmutation                7
 f - Asyehui's Disquisition on Evil Arcane Weapons
   (Sif Muna gifted it to you in the Dungeon)

   Spells                             Type                      Level
   a - Flame Tongue                   Conjuration/Fire             1
   b - Mephitic Cloud                 Conjuration/Poison/Air       3
   c - Animate Dead                   Necromancy                   4
   d - Fireball                       Conjuration/Fire             5
   e - Spellforged Servitor           Conjuration/Summoning        7
 g - Sif Muna's Tome of Supportive Conjuration
   (Sif Muna gifted it to you in the Dungeon)

   Spells                             Type                      Level
   a - Shock                          Conjuration/Air              1
   b - Throw Frost                    Conjuration/Ice              2
   c - Summon Lightning Spire         Summoning/Air                4
   d - Fireball                       Conjuration/Fire             5
   e - Glaciate                       Conjuration/Ice              9
Comestibles
 c - 8 bread rations
 n - 40 fruits
 o - 5 meat rations


   Skills:
 + Level 9.7 Fighting
 + Level 10.1 Short Blades
 + Level 9.2 Long Blades
 + Level 9.2 Axes
 + Level 9.8 Maces & Flails
 + Level 9.2 Polearms
 + Level 9.7 Staves
 + Level 9.3 Slings
 + Level 9.5 Bows
 + Level 10.3 Crossbows
 + Level 9.4 Throwing
 + Level 9.7 Armour
 + Level 10.4 Dodging
 + Level 10.3 Stealth
   Level 0.0 Stabbing
 + Level 9.4 Shields
   Level 0.0 Traps
 + Level 9.4 Unarmed Combat
 + Level 10.9 Spellcasting
 + Level 12.5 Conjurations
 + Level 9.5 Hexes
 + Level 9.7 Charms
 + Level 9.5 Summonings
 + Level 9.1 Necromancy
 + Level 9.8 Translocations
 + Level 9.9 Transmutations
 + Level 9.3 Fire Magic
 + Level 10.3 Ice Magic
 + Level 10.0 Air Magic
 + Level 8.8 Earth Magic
 + Level 9.1 Poison Magic
 + Level 9.9 Invocations
 + Level 9.1 Evocations


You had 3 spell levels left.
You knew the following spells:

 Your Spells              Type           Power        Failure   Level  Hunger
a - Magic Dart            Conj           ####         1%          1    None
b - Searing Ray           Conj           ######       1%          2    None
c - Iskenderun's Mystic   Conj           ######..     1%          4    None
d - Force Lance           Conj/Tloc      ######..     1%          4    None
e - Fireball              Conj/Fire      ######....   3%          5    None
f - Spellforged Servitor  Conj/Summ      ######....   65%         7    None
g - Summon Demon          Summ           ######....   5%          5    None


Dungeon Overview and Level Annotations

Branches:
Dungeon (1/1)

Altars:
Ashenzari
Cheibriados
Dithmenos
Elyvilon
Fedhas
Gozag
Hepliaklqana
Kikubaaqudgha
Makhleb
Nemelex Xobeh
Okawaru
Qazlal
Ru
Sif Muna
Trog
Uskayaw
Vehumet
Wu Jian
Xom
Yredelemnul
Zin
The Shining One
Beogh
Jiyva
Lugonu


Innate Abilities, Weirdness & Mutations

Your experience applies equally to all skills.
You have very sharp teeth.
Your uncanny sense of smell can sniff out nearby items.


Message History

Something closely misses your rust devil.
The smoke demon gestures at you. Beogh smites you!
* * * LOW HITPOINT WARNING * * *
Your rust devil hits something.
Your rust devil corrodes something!
Something hits your rust devil!
Your rust devil dies!
The smoke demon gestures at you.
The ball of steam hits something.
Reactivating autopickup.
Your Necromancy skill increases to level 9!
Your Air Magic skill increases to level 10!
Your Poison Magic skill increases to level 9!
You feel a bit more experienced.
The orc high priest is engulfed in a cloud of scalding steam.
Unknown command.
Unknown command.
The orc high priest invokes the aid of Beogh against you.
Beogh smites you!
You die...

∆∆∆ ∆∆∆ ∆ ∆ ∆ ∆∆∆ ∆ #### __.#
__.# ...###########++######
##'##...........@....#
)'.##......#..#......#
##.##...........o....+
...)'...........§....+
#####......#..#......#
#..##.........34.....#
').#####'#####'3######
#'###.......##''################
...##.......##.3#..............#


You could see an orc high priest, a smoke demon, a neqoxec and a red devil.

Vanquished Creatures
  A minotaur (D)
  A death yak (D)
  2 unseen horrors (D)
  2 orc knights (D)
  An orc sorcerer (D)
  A merfolk siren (D)
  A spiny frog (D)
  A guardian mummy (D)
  A redback (D)
  A spriggan (D)
  A flying skull (D)
  A hungry ghost (D)
  A warg (D)
  3 floating eyes (D)
  A swamp drake (D)
  An eye of draining (D)
  4 wolves (D)
  A centaur (D)
  2 quasits (D)
  An orc priest (D)
  An iron imp (D)
  3 orc wizards (D)
  2 gnolls (D)
  2 adders (D)
  A river rat (D)
  2 ufetubi (D)
  3 orcs (D)
  A giant cockroach (D)
  4 jackals (D)
  A ball python (D)
  3 frilled lizards (D)
  3 kobolds (D)
54 creatures vanquished.

Vanquished Creatures (collateral kills)
  A flayed ghost (D)
  2 orc sorcerers (D)
  An eye of devastation (D)
  A rime drake (D)
  A guardian mummy (D)
  A red devil (D)
  A redback (D)
  A ynoxinul (D)
  An orc warrior (D)
  A centaur (D)
  A scorpion (D)
  3 orcs (D)
  A giant cockroach (D)
  A hobgoblin (D)
  A quokka (D)
  A giant cockroach zombie (D)
19 creatures vanquished.

Vanquished Creatures (others)
  A shadow wraith (D)
1 creature vanquished.

Grand Total: 74 creatures vanquished

Notes
Turn   | Place    | Note
-------+----------+-------------------------------------------
     0 | D        | potatolord6000 the Gnoll Conjurer began the quest for the Orb.
     0 | D        | Reached XP level 1. HP: 13/13 MP: 6/6
    12 | D        | Reached skill level 1 in Long Blades
    43 | D        | Found a bloodstained altar of Trog.
    43 | D        | Found a deep blue altar of Sif Muna.
    43 | D        | Found a viscous altar of Jiyva.
    43 | D        | Found a hazy altar of Hepliaklqana.
    43 | D        | Found an opulent altar of Gozag.
    44 | D        | Found a glowing golden altar of the Shining One.
    44 | D        | Found a glowing silver altar of Zin.
    44 | D        | Found a basalt altar of Yredelemnul.
    44 | D        | Found a shimmering altar of Xom.
    44 | D        | Found an ornate altar of the Wu Jian Council.
    44 | D        | Found a sacrificial altar of Ru.
    44 | D        | Found a stormy altar of Qazlal.
    44 | D        | Found an iron altar of Okawaru.
    44 | D        | Found a sparkling altar of Nemelex Xobeh.
    44 | D        | Found a burning altar of Makhleb.
    44 | D        | Found a blossoming altar of Fedhas.
    44 | D        | Found a white marble altar of Elyvilon.
    44 | D        | Found a shadowy altar of Dithmenos.
    44 | D        | Found a snail-covered altar of Cheibriados.
    46 | D        | Found a radiant altar of Vehumet.
    46 | D        | Found a corrupted altar of Lugonu.
    46 | D        | Found a roughly hewn altar of Beogh.
    48 | D        | Found an ancient bone altar of Kikubaaqudgha.
    48 | D        | Found a hide-covered altar of Uskayaw.
    48 | D        | Found a shattered altar of Ashenzari.
    49 | D        | Became a worshipper of Sif Muna the Loreminder
    67 | D        | Reached skill level 1 in Short Blades
    67 | D        | Reached skill level 1 in Polearms
    67 | D        | Reached skill level 1 in Staves
    67 | D        | Reached skill level 1 in Crossbows
    67 | D        | Reached skill level 1 in Throwing
    67 | D        | Reached skill level 1 in Armour
    67 | D        | Reached skill level 1 in Ice Magic
    67 | D        | Reached skill level 1 in Air Magic
    67 | D        | Reached skill level 1 in Earth Magic
    67 | D        | Reached XP level 2. HP: 9/19 MP: 0/7
    70 | D        | Noticed a floating eye
   325 | D        | Learned a level 2 spell: Searing Ray
   327 | D        | Reached skill level 1 in Slings
   327 | D        | Reached skill level 1 in Bows
   327 | D        | Reached skill level 1 in Shields
   327 | D        | Reached skill level 1 in Fire Magic
   327 | D        | Reached skill level 1 in Evocations
   329 | D        | Killed a floating eye
   329 | D        | Reached * piety under Sif Muna
   329 | D        | Reached skill level 5 in Dodging
   329 | D        | Reached skill level 5 in Stealth
   329 | D        | Reached skill level 5 in Spellcasting
   329 | D        | Reached XP level 3. HP: 27/27 MP: 5/10
   329 | D        | Reached XP level 4. HP: 33/33 MP: 5/11
   387 | D        | Noticed a floating eye
   390 | D        | Reached XP level 5. HP: 38/38 MP: 9/13
   390 | D        | Paralysed by a floating eye for 3 turns
   399 | D        | Killed a floating eye
   399 | D        | Reached ** piety under Sif Muna
   399 | D        | Reached skill level 9 in Conjurations
   399 | D        | Reached XP level 6. HP: 47/47 MP: 9/15
   411 | D        | Noticed a floating eye
   417 | D        | Paralysed by a floating eye for 4 turns
   421 | D        | Killed a floating eye
   421 | D        | Reached skill level 5 in Translocations
   481 | D        | Noticed a warg
   489 | D        | Learned a level 4 spell: Iskenderun's Mystic Blast
   494 | D        | Learned a level 4 spell: Force Lance
   502 | D        | Noticed a hungry ghost
   508 | D        | Killed a warg
   508 | D        | Reached skill level 5 in Short Blades
   508 | D        | Reached skill level 5 in Long Blades
   508 | D        | Reached skill level 5 in Slings
   508 | D        | Reached skill level 5 in Bows
   508 | D        | Reached skill level 5 in Crossbows
   508 | D        | Reached skill level 5 in Armour
   508 | D        | Reached skill level 5 in Hexes
   508 | D        | Reached skill level 5 in Summonings
   508 | D        | Reached skill level 5 in Transmutations
   508 | D        | Reached skill level 5 in Fire Magic
   508 | D        | Reached skill level 5 in Ice Magic
   508 | D        | Reached skill level 5 in Air Magic
   508 | D        | Reached XP level 7. HP: 55/55 MP: 8/17
   513 | D        | Killed a hungry ghost
   513 | D        | Reached *** piety under Sif Muna
   513 | D        | Reached skill level 5 in Axes
   513 | D        | Reached skill level 5 in Maces & Flails
   513 | D        | Reached skill level 5 in Polearms
   513 | D        | Reached skill level 5 in Staves
   513 | D        | Reached skill level 5 in Throwing
   513 | D        | Reached skill level 5 in Shields
   513 | D        | Reached skill level 5 in Charms
   513 | D        | Reached skill level 5 in Invocations
   513 | D        | Reached skill level 5 in Evocations
   526 | D        | Reached skill level 10 in Conjurations
   526 | D        | Reached skill level 5 in Necromancy
   530 | D        | Reached skill level 5 in Unarmed Combat
   751 | D        | Noticed an orc knight
   795 | D        | Killed an orc knight
   795 | D        | Reached **** piety under Sif Muna
   795 | D        | Reached skill level 5 in Fighting
   795 | D        | Reached skill level 5 in Earth Magic
   795 | D        | Reached skill level 5 in Poison Magic
   795 | D        | Reached XP level 8. HP: 63/63 MP: 5/19
  1241 | D        | Noticed a spriggan
  1243 | D        | Killed a spriggan
  1243 | D        | Reached ***** piety under Sif Muna
  1243 | D        | Identified Asyehui's Disquisition on Evil Arcane Weapons (Sif Muna gifted it to you in the Dungeon)
  1243 | D        | Received a gift from Sif Muna
  1257 | D        | Learned a level 5 spell: Fireball
  1265 | D        | Learned a level 7 spell: Spellforged Servitor
  1407 | D        | Noticed an orc knight
  1407 | D        | Noticed a flying skull
  1416 | D        | Killed a flying skull
  1416 | D        | Reached XP level 9. HP: 69/69 MP: 12/21
  1436 | D        | Killed an orc knight
  1436 | D        | Reached skill level 11 in Conjurations
  1549 | D        | Noticed a merfolk siren
  1550 | D        | Noticed an orc sorcerer
  1553 | D        | Noticed a smoke demon
  1558 | D        | Killed an orc sorcerer
  1577 | D        | Killed a merfolk siren
  1577 | D        | Identified Sif Muna's Theurgy Continued (Sif Muna gifted it to you in the Dungeon)
  1577 | D        | Received a gift from Sif Muna
  1727 | D        | Noticed a guardian mummy
  1734 | D        | Reached XP level 10. HP: 54/80 MP: 9/23
  1739 | D        | Noticed a spiny frog
  1741 | D        | Killed an unseen horror
  1782 | D        | Killed a spiny frog
  2002 | D        | Noticed a minotaur
  2002 | D        | Noticed a death yak
  2028 | D        | Killed a death yak
  2034 | D        | Killed a minotaur
  2034 | D        | Reached skill level 10 in Dodging
  2034 | D        | Reached skill level 10 in Spellcasting
  2034 | D        | Reached skill level 12 in Conjurations
  2044 | D        | HP: 4/82 [something (6)]
  2055 | D        | Killed an unseen horror
  2055 | D        | Reached skill level 10 in Stealth
  2255 | D        | Identified Zunnoub's Compendium of Creative Transformation (Sif Muna gifted it to you in the Dungeon)
  2255 | D        | Received a gift from Sif Muna
  2301 | D        | Learned a level 5 spell: Summon Demon
  2320 | D        | Noticed an eye of devastation
  2320 | D        | Noticed a flayed ghost
  2326 | D        | Killed a flayed ghost
  2326 | D        | Reached skill level 10 in Crossbows
  2326 | D        | Reached XP level 11. HP: 85/89 MP: 11/25
  2499 | D        | Noticed a sixfirhy
  2525 | D        | Reached skill level 10 in Ice Magic
  2527 | D        | Reached skill level 10 in Short Blades
  2633 | D        | Noticed an orc sorcerer
  2634 | D        | Noticed an orc sorcerer
  2636 | D        | Noticed an orc high priest
  2644 | D        | Killed an orc sorcerer
  2660 | D        | Killed an orc sorcerer
  2668 | D        | Identified Sif Muna's Tome of Supportive Conjuration (Sif Muna gifted it to you in the Dungeon)
  2668 | D        | Received a gift from Sif Muna
  2678 | D        | Noticed a sun demon
  2709 | D        | Killed a shadow wraith
  2709 | D        | Reached skill level 10 in Air Magic
  2711 | D        | Killed from afar by an orc high priest

Vault maps used:
D:        pitsprint

Skill      XL: |  1  2  3  4  5  6  7  8  9 10 11 |
---------------+----------------------------------+-----
Long Blades    | 1 3 4 5 6 7 9 |  9.2
Short Blades   | 1 3 4 5 6 7 8 9 10 | 10.1
Polearms       | 1 2 3 4 5 6 7 9 |  9.2
Staves         | 1 2 3 4 6 8 9 |  9.7
Crossbows      | 1 3 4 5 6 7 8 10 | 10.3
Throwing       | 1 2 3 4 5 6 7 9 |  9.4
Armour         | 1 3 4 5 6 8 9 |  9.7
Translocations | 2 3 4 5 6 7 8 9 |  9.8
Ice Magic      | 1 3 4 5 6 7 8 9 10 | 10.3
Air Magic      | 1 3 4 5 6 7 8 9 10 | 10.0
Earth Magic    | 1 2 3 4 5 6 7 8 |  8.8
Slings         | 3 4 5 6 7 9 |  9.3
Bows           | 3 4 5 6 7 8 9 |  9.5
Shields        | 2 3 4 6 7 8 9 |  9.4
Fire Magic     | 3 4 5 6 7 9 |  9.3
Evocations     | 2 3 4 5 6 7 8 9 |  9.1
Fighting       | 2 3 4 5 6 7 9 |  9.7
Axes           | 2 3 4 6 7 8 9 |  9.2
Maces & Flails | 2 3 4 6 8 9 |  9.8
Dodging        | 5 6 7 8 9 10 | 10.4
Stealth        | 5 6 7 8 10 | 10.3
Unarmed Combat | 2 3 4 5 6 7 9 |  9.4
Spellcasting   | 5 6 7 8 9 10 | 10.9
Hexes          | 3 4 5 7 9 |  9.5
Charms         | 2 3 4 5 6 7 8 9 |  9.7
Summonings     | 2 4 5 6 7 9 |  9.5
Necromancy     | 2 3 4 5 6 7 8 9 |  9.1
Transmutations | 3 4 5 6 7 8 9 |  9.9
Poison Magic   | 2 3 4 5 7 8 9 |  9.1
Invocations    | 2 3 4 6 7 8 9 |  9.9
Conjurations   | 9 10 11 12 | 12.5

Action                   |  1- 3 |  4- 6 |  7- 9 | 10-12 || total
-------------------------+-------+-------+-------+-------++-------
Melee: Staff             |     1 |     6 |    65 |    53 ||   125
       Bite              |       |     1 |     5 |     8 ||    14
 Cast: Magic Dart        |     7 |     1 |    20 |    13 ||    41
       Searing Ray       |     1 |     4 |     6 |     5 ||    16
       Iskenderun's Myst |       |     1 |    14 |     6 ||    21
       Force Lance       |       |       |    16 |     3 ||    19
       Fireball          |       |       |     1 |       ||     1
       Summon Demon      |       |       |       |    14 ||    14
Evoke: Staff of energy   |       |       |     6 |    15 ||    21
  Use: Potion            |       |     1 |    11 |    10 ||    22
       Scroll            |       |       |     1 |     1 ||     2
 Stab: Sleeping          |       |       |     1 |       ||     1
       Distracted        |       |       |     1 |       ||     1
  Eat: Meat ration       |       |       |     2 |       ||     2
Armor: Robe              |     2 |     2 |    15 |       ||    19
       Ring mail         |       |       |    18 |    53 ||    71
Dodge: Dodged            |     2 |     3 |   147 |    90 ||   242

Table legend:
 A = Spawn XP
 B = Non-spawn XP
 C = Spawn XP percentage of total XP
 D = Spawn monster count
 E = Non-spawn monster count
 F = Spawn count percentage of total count
 G = Total turns spent on level
                    A         B        C        D         E        F      G
               +---------+---------+-------+---------+---------+-------+---------
         Total |       0 |   11533 |   0.0 |       0 |      74 |   0.0 |  2711
               +---------+---------+-------+---------+---------+-------+---------
             D |       0 |   11533 |   0.0 |       0 |      74 |   0.0 |  2711
               +---------+---------+-------+---------+---------+-------+---------
